 Dungeon Crawl Stone Soup version 0.27.1-33-g824d729ab1 (webtiles) character file.

Game seed: 12355270110077618266

7 MajorAdolf the Digger (level 2, -2/22 HPs)
             Began as a Naga Wanderer on Dec 4, 2021.
             Slain by a gnoll (5 damage)
             ... on level 1 of the Dungeon.
             The game lasted 00:01:21 (489 turns).

MajorAdolf the Digger (Naga Wanderer)                Turns: 489, Time: 00:01:22

Health: -2/22      AC:  1    Str: 15    XL:     2   Next: 4%
Magic:  1/4        EV:  9    Int: 12    God:
Gold:   16         SH:  0    Dex:  9    Spells: 2/3 levels left

rFire    . . .     SeeInvis +   c - +2 dagger (drain)
rCold    . . .     Faith    .   (no shield)
rNeg     . . .     Spirit   .   b - +0 robe
rPois    +         Reflect  .   (no helmet)
rElec    .         Harm     .   (no cloak)
rCorr    .         Rampage  .   (no gloves)
Will     .....                  (no barding)
Stlth    +.........             (no amulet)
HPRegen  0.07/turn              (no ring)
MPRegen  0.09/turn              (no ring)

@: short of breath, very slow
A: AC +0, large, see invisible, deformed body, poison resistance, slowness 2,
spit poison 1, naga tail 1
a: Spit Poison


You were on level 1 of the Dungeon.
You visited 1 branch of the dungeon, and saw 1 of its levels.

You collected 16 gold pieces.

Inventory:

Hand Weapons
 a - a +2 mace
 c - a +2 dagger of draining (weapon)
Armour
 b - a +0 robe (worn)
 e - a +0 buckler
Scrolls
 d - a scroll of amnesia {unknown}


   Skills:
 - Level 2.0 Maces & Flails
 - Level 1.0 Throwing
 - Level 1.0 Armour
 - Level 1.0 Shields
 + Level 1.4 Spellcasting
 + Level 1.5 Fire Magic
 - Level 3.0 Earth Magic


You had 2 spell levels left.
You knew the following spells:

 Your Spells              Type           Power      Damage    Failure   Level
a - Foxfire               Conj/Fire      8%         2x1d4     22%         1

Your spell library contained the following spells:

 Spells                   Type           Power      Damage    Failure   Level
 Sting                    Tmut/Pois      0%         1d3       28%         1
 Inner Flame              Hex/Fire       2%         N/A       54%         3
 Mephitic Cloud           Conj/Pois/Air  0%         N/A       65%         3


Dungeon Overview and Level Annotations

Branches:
Dungeon (1/15)

Altars:


Innate Abilities, Weirdness & Mutations

Your serpentine skin is tough. (AC +0)
You have supernaturally acute eyesight. (SInv)
Armour fits poorly on your strangely shaped body.
Your system is resistant to poisons. (rPois)
You cover ground very slowly.
You can spit poison.
You have a snake-like lower body.


Message History

You start resting.
You have got your breath back.
Your foxfire dissipates! x2
You start resting.
Magic restored.
Unknown command.
You open the door.
There is an open door here.
Found 10 gold pieces.
You now have 16 gold pieces (gained 10).
A frilled lizard and a gnoll come into view.
The gnoll shouts!
The frilled lizard hisses angrily.
There are monsters nearby!
You conjure some foxfire!
The foxfire hits the gnoll.
The gnoll is moderately wounded.
The foxfire hits the gnoll but does no damage.
The gnoll is moderately wounded.
The gnoll barely misses you.
You conjure some foxfire!
The gnoll misses you.
The foxfire hits the frilled lizard.
You kill the frilled lizard!
The foxfire hits the gnoll.
The gnoll is moderately wounded.
The gnoll hits you from afar with a +0 spear!
You conjure some foxfire!
The gnoll hits you from afar with a +0 spear!
Unknown command.
The foxfire hits the gnoll but does no damage.
The gnoll is moderately wounded.
The foxfire hits the gnoll.
The gnoll is severely wounded.
Press: ? - help, Shift-Dir - straight line, f - gnoll
Aim: a gnoll, wielding a +0 spear (severely wounded)
The splash of poison misses the gnoll.
The gnoll hits you from afar with a +0 spear.
* * * LOW HITPOINT WARNING * * *
Unknown command.
The gnoll hits you from afar with a +0 spear.
You die...

#.#.#.....+.........#
#.#...###.#......(..# .
###.#......†......# #. #
#.#.#.#.........# #.
#.#.#.#.........#
#.########.# #.#..#'######
#..........# #.#..#.#
#..........#
#.#..#.#############
#..........#
#..@.#..............
#..........#
###.################
#.........## #g..........#
#.........##.....#########.#
#.........######.. #.#
(.........# #... #.######
##........# #.... #.......
##+####### #..... ########
#......


You could see a gnoll.

Vanquished Creatures
  An endoplasm (D:1)
  A kobold (D:1)
  2 ball pythons (D:1)
  2 bats (D:1)
  2 frilled lizards (D:1)
  A rat (D:1)
9 creatures vanquished.

Vanquished Creatures (others)
  20 foxfires (D:1)
20 creatures vanquished.

Grand Total: 29 creatures vanquished

Notes
Turn   | Place    | Note
-------+----------+-------------------------------------------
     0 | D:1      | MajorAdolf the Naga Wanderer began the quest for the Orb.
     0 | D:1      | MajorAdolf set off with the following items: a +2 mace, a
                  | +0 robe; and the following spells available to memorise:
                  | Foxfire, Sting, Inner Flame, Mephitic Cloud
     0 | D:1      | Reached XP level 1. HP: 15/15 MP: 2/2
     2 | D:1      | Learned a level 1 spell: Foxfire
   241 | D:1      | Found a faded altar of an unknown god.
   379 | D:1      | Reached XP level 2. HP: 22/22 MP: 0/4
   489 | D:1      | Slain by a gnoll

Illustrated notes

Levels and vault maps discovered:
D:1:      saegor_arrival_simple_d, layout_basic,
          ebering_ecumenical_altar_abandoned, grunt_decor_cap,
          grunt_decor_arrowhead

Action                   || total
-------------------------++-------
Melee: Mace              ||     2
 Cast: Foxfire           ||    12
 Abil: Spit Poison       ||     5
Armor: Robe              ||     1
Dodge: Dodged            ||     4
